[Event "Serbian League 2024"]
[Site "Bajina Basta"]
[Date "2024.10.02"]
[Round "6.3"]
[White "Szalai, Kornel"]
[Black "Draskovic, Luka"]
[Result "1/2-1/2"]
[ECO "E11"]
[WhiteElo "2388"]
[BlackElo "2497"]
[Annotator "TA"]
[PlyCount "92"]
[EventDate "2024.09.26"]
[EventType "team-tourn"]
[EventCountry "SRB"]
[SourceTitle "playchess.com"]
[Source "ChessBase"]
[SourceQuality "1"]
[TimeControl "40/5400+30:1800+30"]

1. Nf3 d5 2. d4 Nf6 3. c4 e6 4. g3 Bb4+ 5. Bd2 Be7 6. Bg2 O-O 7. Qc2 c6 8. O-O Nbd7 9. b3 b6 10. Bc3 Bb7 11. Nbd2 c5 12. Rac1 Rc8 13. Qb2 dxc4 14. dxc5 Bxc5 15. Nxc4 b5 16. Na5 Bd5 17. b4 Bb6 18. Rfd1 {[%emt 0:04:43] [#]} (18. Nh4 $11) 18... Rxc3 $1 $15 19. Rxc3 {[%emt 0:03:33] Threatens to win with Nc6.} (19. Qxc3 $2 Ne4 20. Qa1 Nxf2 (20... Bxf2+ 21. Kf1 $17) 21. Rxd5 exd5 $19) 19... Ne4 $1 20. e3 Nxc3 21. Qxc3 Qf6 (21... Bxa2 22. Ne5 Bd5 23. Nxd7 Qxd7 24. e4 Bxa5 (24... Rc8 $2 25. Qb2 $18) 25. bxa5 $11) (21... Qa8 $15) 22. Nd4 $36 {[%emt 0:09:47][%mdl 2048] White fights for an advantage.} Bxg2 23. Kxg2 Ne5 24. f4 Ng4 {[%emt 0:01:10] aiming for ...e5.} 25. h3 e5 26. hxg4 exd4 27. exd4 Qe6 28. Rd2 {[%emt 0:03:36] Repels Qe2+} Qxg4 29. Nc6 {[%emt 0:00:22][%cal Ba5c6,Bc6e5,Be5f3][%mdl 32] next d5 is good for White.} Re8 30. Ne5 Qe6 (30... Qf5 $1 $11) 31. Qc6 (31. d5 $1 $16 Qd6 32. Qc6 Qxc6 33. Nxc6 (33. dxc6 Rc8 $16)) 31... Rd8 {[%emt 0:00:06] [#]} (31... Qxc6+ $11 32. Nxc6 Kf8) 32. Qxb5 {[%emt 0:09:33] White is more active.} (32. d5 $1 $16 Qxc6 33. Nxc6) 32... Rd5 $14 (32... Rxd4 $2 33. Rxd4 Qxa2+ 34. Kf3 $18) 33. Qa6 f6 34. Nf3 h5 (34... g5 $1 $11) 35. a4 $16 {[%emt 0:00:00][%cal Ba2a4,Ba4a5][%mdl 32] Black must now prevent a5.} Qd7 (35... Qf7 $16 36. Rc2 h4) 36. Rc2 $18 Kf7 (36... Bd8 $16 {might work better.} 37. Rc8 Rd6 38. Qc4+ Qf7) 37. a5 Bd8 (37... Bxd4 $2 38. Qc4 $18) 38. Rc5 (38. Rc6 $18) 38... Be7 $16 {[%emt 0:00:29] [#]} 39. Rxd5 ({White should try} 39. Rc6 $1 $16 {Hoping for Qc4.} Rd6 (39... Bxb4 $2 {loses.} 40. Qc4 $18) 40. Rxd6 Bxd6 41. b5) 39... Qxd5 $11 {[%emt 0:00:02] The position is equal.} 40. Qxa7 $16 {[%emt 0:00:09][%mdl 4096] Endgame. KQB-KQN} Qa2+ 41. Kf1 Qc4+ 42. Ke1 Qc1+ 43. Ke2 {[%emt 0:00:36] Qb7 would now be deadly.} Qc4+ 44. Ke3 {[%emt 0:01:54] And now Nd2 would win.} Qc3+ 45. Ke2 Qc4+ 46. Ke3 {[%emt 0:00:03] Strongly threatening Qb7.} Qc3+ {[%emt 0:00:04] Weighted Error Value: White=0.17 (very precise) /Black=0.21 (precise) .  Mistake:       	White=5     	Black=6      Inaccurate:     	White=2     	Black=1      OK:         	White=11    	Black=18     Best:        	White=3     	Black=1      Strong:       	---       	Black=1      Brilliant:      	---       	Black=1} 1/2-1/2

[Event "Serbian League 2024"]
[Site "Bajina Basta"]
[Date "2024.10.02"]
[Round "6.4"]
[White "Bryakin, Mikhail"]
[Black "Farkas, Tibor"]
[Result "1/2-1/2"]
[ECO "D00"]
[WhiteElo "2438"]
[BlackElo "2209"]
[Annotator "TA"]
[PlyCount "143"]
[EventDate "2024.09.26"]
[EventType "team-tourn"]
[EventCountry "SRB"]
[SourceTitle "playchess.com"]
[Source "ChessBase"]
[SourceQuality "1"]
[TimeControl "40/5400+30:1800+30"]

1. d4 Nf6 2. Nc3 d5 3. Bf4 a6 4. e3 e6 5. g4 Bd6 6. Bg3 {[%emt 0:04:25] D00: 1 d4 d5: Unusual lines.} c5 7. g5 Ng8 8. Qg4 $146 ({Predecessor:} 8. Nf3 Nc6 9. dxc5 Bxc5 10. Bd3 Nge7 11. h4 Bd6 12. Rg1 e5 13. e4 d4 14. Nb1 {0-1 Murzin,V (2627)-Caruana,F (2794) Wch Blitz Samarkand 2023 (14)}) 8... Ne7 9. dxc5 Bxc5 10. O-O-O Nbc6 11. Ne4 e5 12. Qe2 Qb6 13. Nxc5 Qxc5 14. h4 O-O 15. Bh3 Bxh3 16. Rxh3 Rfe8 17. Nf3 Nf5 18. Nd2 Qb6 19. Qd3 Nfe7 20. Kb1 Rac8 21. Rhh1 Red8 22. h5 a5 23. a3 a4 24. c3 Qc5 {[%emt 0:01:16] [#]} (24... e4 $11 25. Qc2 Qa7) 25. g6 ({White should try} 25. h6 $1 $16 {[%cal Rh6g7][%mdl 512] Threatens to win with hxg7.} e4 (25... g6 26. e4) 26. Qc2) 25... fxg6 26. hxg6 h6 (26... Nxg6 27. Qf5 Nf8 28. Nf3 $16 (28. Bxe5 Qe7 $14)) (26... hxg6 27. Qe2 $16) 27. Rh5 Rf8 $1 28. f4 Qd6 $2 (28... Qb6 $11 {and Black stays safe.}) 29. f5 $18 Qd7 (29... Qc7 {might work better.} 30. Rf1 b5 (30... e4 $2 31. Nxe4 Ne5 32. Qd1 $18)) 30. e4 $18 Rcd8 31. Nc4 Qc7 32. Ne3 dxe4 33. Qc4+ (33. Qxe4 Rxd1+ 34. Nxd1 Qd7 $14) 33... Kh8 34. Rdh1 $1 (34. Qxa4 $6 Rxd1+ 35. Qxd1 Qb6 $16) (34. Qxe4 Rxd1+ 35. Nxd1 Qd6 $14) 34... Ng8 35. f6 (35. Qxa4 Qd6 36. Bf2 (36. Qxe4 Nf6 $19) 36... Nce7 $14) (35. Qxe4 $6 Nf6 $16) 35... Qd7 (35... Nxf6 $2 36. Rxh6+ gxh6 37. Rxh6+ $18 (37. Qxa4 $2 Qd7 $19) (37. Qxa4 $2 Qd7 $19)) 36. Rd1 (36. Qxe4 $2 {too greedy.} Nxf6 $19) ({And not} 36. Bxe5 Nxe5 37. fxg7+ (37. Rxe5 Nxf6 38. Ka2 Qd3 $17) 37... Qxg7 38. Qxe4 Nf3 $11 (38... Nxg6 39. Nf5 $16)) 36... Qxd1+ 37. Nxd1 Rxd1+ 38. Kc2 Nxf6 39. Rxh6+ gxh6 40. Kxd1 Kg7 41. Qxa4 Kxg6 42. Qb3 Rd8+ {[%emt 0:00:00] [#]} 43. Ke1 $2 (43. Kc1 $1 $18) 43... Rd3 $11 44. Qxb7 Rxg3 45. Qxc6 h5 46. Qe6 h4 47. Kf1 $2 {[%emt 0:00:00][%mdl 8192] [#]} (47. b4 $11) 47... h3 $2 ({Black should play} 47... Rf3+ $1 $19 48. Ke1 Rf5) 48. Qxe5 $11 Rg2 49. Qf4 Ng4 50. Qxe4+ Kg5 51. Qxg2 hxg2+ 52. Kxg2 Kf4 53. Kf1 Ke3 54. a4 Kd3 55. a5 Ne3+ 56. Ke1 Nc4 57. a6 Nb6 58. Kf2 Kc4 59. Ke3 Kb5 60. a7 Ka6 61. Kd4 Kxa7 62. b4 Kb7 63. c4 Nxc4 64. Kxc4 Kc6 65. b5+ Kb6 66. Kb4 Kb7 67. Kc5 Kc7 68. b6+ Kb7 69. Kb5 Kb8 70. Kc6 Kc8 71. b7+ Kb8 72. Kb6 1/2-1/2

[Event "Serbian League 2024"]
[Site "Bajina Basta"]
[Date "2024.10.02"]
[Round "6.5"]
[White "Juhasz, Bence R"]
[Black "Radovanovic, Mihajlo"]
[Result "1/2-1/2"]
[ECO "B00"]
[WhiteElo "2266"]
[BlackElo "2426"]
[Annotator "RC"]
[PlyCount "111"]
[EventDate "2024.09.26"]
[EventType "team-tourn"]
[EventCountry "SRB"]
[SourceTitle "playchess.com"]
[Source "ChessBase"]
[SourceQuality "1"]
[TimeControl "40/5400+30:1800+30"]

1. e4 Nc6 2. d4 d5 3. e5 Bf5 4. c3 e6 5. f4 h5 6. Nf3 Nh6 7. Be3 Qd7 8. Nbd2 f6 9. b4 a5 10. a3 Na7 11. Qc1 Qa4 12. Be2 Be7 13. h3 Nc8 14. O-O Nb6 15. exf6 gxf6 16. Nh4 Kd7 17. Nxf5 Nxf5 18. Bf2 Rag8 19. b5 Nd6 20. Qb1 Nbc4 21. Nxc4 dxc4 22. f5 Rg5 23. fxe6+ Kc8 24. Bh4 Rxb5 25. Qg6 Rb2 26. Bxf6 Bxf6 27. Qxf6 Rg8 28. Rae1 Kb8 29. e7 Ka7 30. Qe6 Rg3 31. Rf3 h4 32. Qe5 Qxa3 33. Qc5+ Qxc5 34. dxc5 Ne8 35. Rf8 Re3 36. Kf1 Rxe7 37. Bxc4 Rxe1+ 38. Kxe1 Ng7 39. Rf2 Rb1+ 40. Kd2 Nh5 41. Kc2 Re1 42. c6 Re5 43. cxb7 Kxb7 44. Kd3 Rg5 45. Kd4 Kb6 46. Bd5 c6 47. Be4 Ng7 48. Rf6 Rc5 49. Bc2 Rd5+ 50. Kc4 Re5 51. Rh6 Rh5 52. Rg6 Nf5 53. Be4 Ne7 54. Re6 Rc5+ 55. Kb3 Nd5 56. Bxd5 1/2-1/2

[Event "Serbian League 2024"]
[Site "Bajina Basta"]
[Date "2024.10.02"]
[Round "6.6"]
[White "Lukovic, Vladimir"]
[Black "Kecskemeti, Arpad"]
[Result "1-0"]
[ECO "B28"]
[WhiteElo "2431"]
[BlackElo "2236"]
[Annotator "TA"]
[PlyCount "61"]
[EventDate "2024.09.26"]
[EventType "team-tourn"]
[EventCountry "SRB"]
[SourceTitle "playchess.com"]
[Source "ChessBase"]
[SourceQuality "1"]
[TimeControl "40/5400+30:1800+30"]

1. e4 c5 2. Nf3 a6 3. c3 d5 4. exd5 Qxd5 5. d4 Nf6 6. Be2 e6 7. O-O Nc6 8. h3 Be7 9. c4 Qd8 10. Be3 {[%emt 0:00:37] White is slightly better.} cxd4 11. Nxd4 Nxd4 12. Bxd4 O-O 13. Qd2 Qc7 14. Qe3 Nd7 15. Nc3 b6 ({Black should play} 15... Re8 $14) 16. Nd5 $16 exd5 17. Qxe7 Bb7 {[%emt 0:01:17][%cal Bc8b7,Bb7d5,Bd5c6][%mdl 32] [#]} 18. Bg4 $1 {[%emt 0:04:18] This pair of bishops is nice.} Rad8 19. cxd5 $40 {[%emt 0:02:14][%mdl 128] White goes for the king. White has more active pieces.} (19. Rfe1 $142 {Rad1 is the strong threat.} dxc4 20. Re6) 19... Rfe8 20. Qa3 Bxd5 21. Qxa6 $2 {[%emt 0:02:11] [#]} (21. Rfe1 $16 {and life is bright.}) 21... Nc5 (21... Bc4 $1 $17 22. Qa4 (22. Rfc1 $2 Re1+ 23. Rxe1 Bxa6 $19) 22... Bxf1 23. Rxf1 Ne5) 22. Qb5 (22. Bxc5 $1 $14 bxc5 23. Rfd1) 22... Bc6 $11 23. Qb4 Re4 (23... h5 $1 $11 {remains equal.} 24. Bxh5 Re4) 24. Rfd1 Qf4 $2 {[%emt 0:00:50][%mdl 8192] Prevents Rac1. This costs Black the game.} (24... g6 $16 25. Bf3 Re6) 25. Qxb6 Rdxd4 26. Rxd4 Rxd4 27. Qxc6 (27. Qxc5 Rc4 28. Rd1 h6 $16) 27... h5 28. Qc8+ ({Don't play} 28. Bxh5 Nd7 29. Qf3 Qxf3 30. Bxf3 Ne5 $18) 28... Kh7 29. Bf5+ ({Weaker is} 29. Bxh5 Nd3 $16) 29... g6 30. Bxg6+ fxg6 31. Qxc5 {[%emt 0:00:05] Weighted Error Value: White=0.31/Black=0.59.  Loses game:     	---       	Black=1      Mistake:       	White=3     	Black=3      OK:         	White=8     	Black=6      Best:        	White=2     	Black=3      Strong:       	White=1     	---} 1-0

[Event "Serbian League 2024"]
[Site "Bajina Basta"]
[Date "2024.10.02"]
[Round "6.7"]
[White "Ivic, Velimir"]
[Black "Tarhan, Adar"]
[Result "1-0"]
[ECO "D35"]
[WhiteElo "2599"]
[BlackElo "2474"]
[Annotator "TA"]
[PlyCount "105"]
[EventDate "2024.09.26"]
[EventType "team-tourn"]
[EventCountry "SRB"]
[SourceTitle "playchess.com"]
[Source "ChessBase"]
[SourceQuality "1"]
[TimeControl "40/5400+30:1800+30"]

1. d4 Nf6 2. c4 e6 3. Nc3 d5 4. cxd5 exd5 5. Bg5 c6 6. e3 Qb6 7. Qc2 Ne4 8. Nxe4 dxe4 9. O-O-O (9. Qxe4+ {is more complex.} Be6 10. Nf3 Qxb2 11. Rb1) 9... Be6 $1 10. Bc4 {[%emt 0:13:49] White has an edge.} Bxc4 11. Qxc4 {[%emt 0:00:07] Threatening Qc2.} Na6 12. f3 Nb4 13. fxe4 Qa5 14. Nf3 {[%emt 0:01:30] Hoping for a3.} Qxa2 15. Qxa2 Nxa2+ 16. Kb1 Nb4 17. e5 Be7 18. e4 Bxg5 19. Nxg5 h6 20. Nf3 O-O-O 21. Nh4 g6 22. Rhf1 Rd7 23. Nf3 Rhd8 24. Rd2 Na6 25. Rfd1 Nc7 26. Kc2 a5 27. Kc3 b6 28. Kd3 Kb7 29. Ke3 a4 30. h4 b5 {[%emt 0:01:02] [#]} 31. h5 $1 g5 (31... gxh5 32. Rh1) 32. Nh2 ({White should play} 32. Ne1 $14) 32... Na8 $1 $11 {[%emt 0:00:30] aiming for ...Nb6.} 33. Ng4 (33. Rc1 $5) 33... Nb6 {[%emt 0:00:06] ...Nc4+ is the strong threat.} 34. Rc1 Nc4+ 35. Rxc4 $1 bxc4 {[%emt 0:00:05][%mdl 4096] Endgame. KRR-KRN} 36. Nf6 {[%emt 0:01:46] [#]} (36. Nxh6 $11 {was the only way to keep the balance.} Ka6 37. Nf5) 36... Kb6 $2 37. Nxd7+ $18 Rxd7 {[%emt 0:00:06] [#] KR-KR} 38. d5 $1 Kc5 $2 {[%emt 0:01:49] A mistake that costs the game.} (38... cxd5 $16 {is a better defense.} 39. exd5 Kc5) 39. d6 Kb4 $2 (39... Rd8 40. Rf2 Rf8) 40. Kd4 c5+ 41. Kd5 c3 42. bxc3+ Kxc3 43. Rf2 {[%emt 0:00:00] Strongly threatening Rf3+.} c4 44. e6 {[%emt 0:00:00] White mates.} fxe6+ 45. Kxe6 Rd8 46. Ke7 Ra8 47. d7 a3 48. d8=Q (48. d8=B $2 {is the wrong capture.} Kb3 49. Bb6 a2 $19) 48... Rxd8 49. Kxd8 Kd4 50. Ra2 c3 51. Rxa3 c2 52. Ra1 Kxe4 53. Ke7 {[%emt 0:00:00] Weighted Error Value: White=0.09 (flawless) /Black=0.37.  Loses game:     	---       	Black=2      Mistake:       	White=2     	Black=1      Inaccurate:     	White=1     	Black=6      OK:         	White=14    	Black=11     Best:        	White=2     	Black=3      Strong:       	White=2     	Black=2} 1-0

[Event "Serbian League 2024"]
[Site "Bajina Basta"]
[Date "2024.10.02"]
[Round "6.8"]
[White "Celik, Hasan Huseyin"]
[Black "Djukic, Nikola"]
[Result "1/2-1/2"]
[ECO "B76"]
[WhiteElo "2425"]
[BlackElo "2515"]
[Annotator "TA"]
[PlyCount "53"]
[EventDate "2024.09.26"]
[EventType "team-tourn"]
[EventCountry "SRB"]
[SourceTitle "playchess.com"]
[Source "ChessBase"]
[SourceQuality "1"]
[TimeControl "40/5400+30:1800+30"]

1. e4 c5 2. Nf3 d6 3. d4 cxd4 4. Nxd4 Nf6 5. Nc3 g6 6. Be3 Bg7 7. f3 O-O 8. Qd2 Nc6 9. O-O-O d5 10. exd5 Nxd5 11. Nxc6 bxc6 12. Bd4 Bxd4 13. Qxd4 Qb6 14. Na4 Qc7 15. Bc4 Rd8 16. Bb3 {[%emt 0:01:38] c4 is the strong threat.} Be6 {[%emt 0:07:44] White has an edge.} 17. Nc5 {[%emt 0:19:30] aiming for Nxe6.} Nf4 18. Nxe6 Nxe6 19. Qe3 Nf4 20. g3 Nd5 21. Qc5 Qb6 22. Qxb6 Nxb6 23. c3 c5 24. Rxd8+ Rxd8 25. Rd1 {[%emt 0:00:20] The position is equal.} Rc8 26. f4 Kf8 27. Bc2 {[%emt 0:00:15] Weighted Error Value: White=0.03 (flawless) /Black=0.03 (flawless) .  OK:         	White=3     	Black=4      Best:        	---       	Black=1} 1/2-1/2

[Event "Serbian League 2024"]
[Site "Bajina Basta"]
[Date "2024.10.02"]
[Round "6.9"]
[White "Nenezic, Marko"]
[Black "Kovacevic, Aleksandar"]
[Result "0-1"]
[ECO "D41"]
[WhiteElo "2492"]
[BlackElo "2479"]
[Annotator "RC"]
[PlyCount "106"]
[EventDate "2024.09.26"]
[EventType "team-tourn"]
[EventCountry "SRB"]
[SourceTitle "playchess.com"]
[Source "ChessBase"]
[SourceQuality "1"]
[TimeControl "40/5400+30:1800+30"]

1. d4 Nf6 2. c4 e6 3. Nf3 d5 4. Nc3 c5 5. cxd5 cxd4 6. Qa4+ Bd7 7. Qxd4 exd5 8. e3 Nc6 9. Qd1 Bb4 10. Bd2 O-O 11. a3 Ba5 12. Be2 Bg4 13. b4 Bb6 14. b5 Na5 15. Na4 Nc4 16. O-O Ba5 17. Bb4 Bxb4 18. axb4 Qe7 19. Nc3 Nxe3 20. fxe3 Qxe3+ 21. Rf2 Qxc3 22. Qd4 Qxd4 23. Nxd4 Bxe2 24. Rxe2 Ne4 25. Rc2 Rac8 26. Rxa7 Rxc2 27. Nxc2 Nd6 28. Nd4 g6 29. b6 Rc8 30. Ra5 Rc4 31. Rxd5 Ne4 32. g4 Rxb4 33. h4 Rxb6 34. Re5 Nd6 35. g5 Kf8 36. Kg2 Rb4 37. Rd5 Ke7 38. Kf3 Rb1 39. Ke2 Rh1 40. Nf3 b5 41. Rd4 Ra1 42. h5 Ra2+ 43. Ke1 Ra4 44. hxg6 hxg6 45. Rd5 Ke6 46. Re5+ Kd7 47. Rc5 Rf4 48. Ke2 Rf5 49. Rc1 Ne4 50. Rg1 b4 51. Ke3 Nc5 52. Nd2 Kc6 53. Nf3 Ne6 0-1

[Event "Serbian League 2024"]
[Site "Bajina Basta"]
[Date "2024.10.02"]
[Round "6.10"]
[White "Brenjo, Slavisa"]
[Black "Perunovic, Miodrag"]
[Result "1/2-1/2"]
[ECO "B70"]
[WhiteElo "2376"]
[BlackElo "2347"]
[Annotator "TA"]
[PlyCount "22"]
[EventDate "2024.09.26"]
[EventType "team-tourn"]
[EventCountry "SRB"]
[SourceTitle "playchess.com"]
[Source "ChessBase"]
[SourceQuality "1"]
[TimeControl "40/5400+30:1800+30"]

1. e4 c5 2. Nf3 d6 3. d4 cxd4 4. Nxd4 Nf6 5. Nc3 g6 6. Be2 Bg7 7. Nb3 O-O 8. O-O Nc6 9. Bg5 a6 {[%emt 0:00:56] Die Stellung ist ausgeglichen.} 10. f4 b5 11. a3 Bb7 {[%emt 0:00:06] Nicht viel passiert in dieser Partie.   Gewichteter Fehlerwert: Weiß=0.07 (makellos) /Schwarz=0.04 (makellos) .  OK:         	---       	Schwarz=2} 1/2-1/2

[Event "Serbian League 2024"]
[Site "Bajina Basta"]
[Date "2024.10.02"]
[Round "6.11"]
[White "Marcetic, Nikola"]
[Black "Gagic, Milan A"]
[Result "*"]
[ECO "D02"]
[WhiteElo "2290"]
[BlackElo "2284"]
[Annotator "RC"]
[PlyCount "70"]
[EventDate "2024.09.26"]
[EventType "team-tourn"]
[EventCountry "SRB"]
[SourceTitle "playchess.com"]
[Source "ChessBase"]
[SourceQuality "1"]
[TimeControl "40/5400+30:1800+30"]

1. d4 d5 2. Nf3 Nf6 3. Bf4 c5 4. e3 Nc6 5. Nbd2 e6 6. c3 Nh5 7. Be5 f6 8. Bg3 g6 9. Be2 cxd4 10. exd4 Bd6 11. Bxd6 Qxd6 12. g3 O-O 13. O-O Bd7 14. c4 f5 15. Nb3 Nf6 16. c5 Qc7 17. Bb5 Nb8 18. Bd3 Ne4 19. Ne5 Nc6 20. Nxc6 bxc6 21. f3 Nxg3 22. hxg3 Qxg3+ 23. Kh1 Qh3+ 24. Kg1 Qg3+ 25. Kh1 g5 26. Qd2 a5 27. Qh2 Qxh2+ 28. Kxh2 Rfb8 29. Nc1 Rb7 30. b3 Rxb3 31. Ne2 Rb2 32. Rab1 Rab8 33. f4 Kf7 34. Kg2 gxf4 35. Kf3 Kf6 *

[Event "Serbian League 2024"]
[Site "Bajina Basta"]
[Date "2024.10.02"]
[Round "6.11"]
[White "Marcetic, Nikola"]
[Black "Gagic, Milan A"]
[Result "1/2-1/2"]
[ECO "D02"]
[WhiteElo "2290"]
[BlackElo "2284"]
[Annotator "RC"]
[PlyCount "107"]
[EventDate "2024.09.26"]
[EventType "team-tourn"]
[EventCountry "SRB"]
[SourceTitle "playchess.com"]
[Source "ChessBase"]
[SourceQuality "1"]
[TimeControl "40/5400+30:1800+30"]

1. d4 d5 2. Nf3 Nf6 3. Bf4 c5 4. e3 Nc6 5. Nbd2 e6 6. c3 Nh5 7. Be5 f6 8. Bg3 g6 9. Be2 cxd4 10. exd4 Bd6 11. Bxd6 Qxd6 12. g3 O-O 13. O-O Bd7 14. c4 f5 15. Nb3 Nf6 16. c5 Qc7 17. Bb5 Nb8 18. Bd3 Ne4 19. Ne5 Nc6 20. Nxc6 bxc6 21. f3 Nxg3 22. hxg3 Qxg3+ 23. Kh1 Qh3+ 24. Kg1 Qg3+ 25. Kh1 g5 26. Qd2 a5 27. Qh2 Qxh2+ 28. Kxh2 Rfb8 29. Nc1 Rxb2+ 30. Ne2 Rab8 31. Rab1 Kf7 32. f4 gxf4 33. Kg2 Kf6 34. Kf3 e5 35. dxe5+ Kxe5 36. Nxf4 Kd4 37. Rbc1 Rxa2 38. Rfe1 Rbb2 39. Be2 Ra3+ 40. Bd3 Rxd3+ 41. Nxd3 Rb3 42. Kf4 Rxd3 43. Re7 Bc8 44. Rc7 Ba6 45. Rxc6 Bc4 46. Rc7 a4 47. Rh1 a3 48. Kxf5 a2 49. Rh4+ Kc3 50. Rh1 Kb4 51. Ke5 Ra3 52. Ra1 Kc3 53. Rxh7 Kb2 54. Rhh1 1/2-1/2

[Event "Serbian League 2024"]
[Site "Bajina Basta"]
[Date "2024.10.02"]
[Round "6.12"]
[White "Pajcin, Lav"]
[Black "Pavlovic, Dejan S"]
[Result "1/2-1/2"]
[ECO "D12"]
[WhiteElo "2242"]
[BlackElo "2350"]
[Annotator "TA"]
[PlyCount "64"]
[EventDate "2024.09.26"]
[EventType "team-tourn"]
[EventCountry "SRB"]
[SourceTitle "playchess.com"]
[Source "ChessBase"]
[SourceQuality "1"]
[TimeControl "40/5400+30:1800+30"]

1. d4 d5 2. c4 c6 3. Nf3 Nf6 4. e3 Bf5 5. Nc3 e6 6. Nh4 Bg6 7. Be2 Be7 8. O-O O-O 9. Qb3 Qc7 10. Nxg6 hxg6 11. Bf3 Nbd7 12. Bd2 Nb6 13. cxd5 exd5 14. Rad1 Rfe8 15. g3 Nc4 (15... g5 {feels hotter.} 16. e4 Nxe4 17. Nxe4 dxe4 18. Bxe4 Rad8) 16. Bc1 Nd6 17. Bg2 Rad8 18. Qc2 Qd7 19. f3 Nf5 20. Qf2 (20. Ne2 $1 $14) 20... Bb4 $11 21. g4 Nd6 22. a3 Bxc3 23. bxc3 Qe7 24. Rfe1 Nc4 25. Qh4 Nh7 26. Qxe7 Rxe7 27. e4 Rde8 28. Bf1 b5 29. Bd3 dxe4 30. fxe4 (30. Rxe4 $11 Nf6 31. Rxe7 Rxe7 32. Bxc4 bxc4 33. Bg5) 30... Nf6 $17 31. Bg5 (31. e5 $15) 31... Nxa3 {A dynamic duo of knights.} (31... Nb2 $17 {[%cal Ob2d3] And now ...Nxd3! would win.} 32. e5 (32. Bxf6 $2 gxf6 33. Rd2 Nxd3 $19) 32... Re6 (32... Nxd1 33. Rxd1 Nxg4 34. Bxe7 $11)) 32. e5 $14 {[#] Ra1 would now be deadly.} Re6 $1 {[%emt 0:00:00] Weighted Error Value: White=0.16 (very precise) /Black=0.13 (very precise) .  Mistake:       	White=3     	Black=1      Inaccurate:     	White=3     	Black=4      OK:         	White=12    	Black=11     Best:        	---       	Black=2      Strong:       	---       	Black=1} 1/2-1/2

[Event "Serbian League 2024"]
[Site "Bajina Basta"]
[Date "2024.10.02"]
[Round "6.13"]
[White "Krstulovic, Alex"]
[Black "Visakh N R"]
[Result "1/2-1/2"]
[ECO "D02"]
[WhiteElo "2452"]
[BlackElo "2504"]
[Annotator "TA"]
[PlyCount "36"]
[EventDate "2024.09.26"]
[EventType "team-tourn"]
[EventCountry "SRB"]
[SourceTitle "playchess.com"]
[Source "ChessBase"]
[SourceQuality "1"]
[TimeControl "40/5400+30:1800+30"]

1. d4 Nf6 2. Nf3 d5 3. Bf4 c5 4. e3 Nc6 5. Nbd2 cxd4 6. exd4 a6 7. Be2 Bf5 8. c3 {[%emt 0:01:58] Repels Nb4} e6 9. O-O h6 {[%emt 0:01:22] The position is equal.} 10. Re1 Bd6 11. Bxd6 Qxd6 12. Nf1 Ne4 13. Ng3 Nxg3 14. hxg3 O-O 15. Bd3 Bxd3 16. Qxd3 Rfe8 17. Ne5 Nxe5 18. Rxe5 f6 {[%emt 0:04:53] Not much happened in this game.   Weighted Error Value: White=0.05 (flawless) /Black=0.04 (flawless) .  OK:         	White=3     	Black=5} 1/2-1/2

[Event "Serbian League 2024"]
[Site "Bajina Basta"]
[Date "2024.10.02"]
[Round "6.14"]
[White "Vignesh N R"]
[Black "Popovic, Dusan"]
[Result "1-0"]
[ECO "B08"]
[WhiteElo "2511"]
[BlackElo "2494"]
[Annotator "TA"]
[PlyCount "81"]
[EventDate "2024.09.26"]
[EventType "team-tourn"]
[EventCountry "SRB"]
[SourceTitle "playchess.com"]
[Source "ChessBase"]
[SourceQuality "1"]
[TimeControl "40/5400+30:1800+30"]

1. e4 d6 2. d4 Nf6 3. Nc3 g6 4. Nf3 a6 5. Bc4 Bg7 6. Qe2 {[%emt 0:00:42] Threatens to win with e5.} b5 7. Bb3 {[%emt 0:01:06] [#] Strongly threatening e5.} b4 8. Nd5 (8. Na4 $14) 8... Nxd5 $11 9. Bxd5 c6 10. Bb3 O-O 11. O-O a5 12. a3 Ba6 13. Bc4 Bxc4 14. Qxc4 d5 15. exd5 cxd5 16. Qb5 Qd7 17. Qxd7 Nxd7 18. axb4 axb4 19. Bd2 Rab8 20. Ra7 Rfd8 21. Bf4 Rbc8 22. Rc1 h6 23. h4 f6 24. Bc7 {[%emt 0:02:23] White is more active.} Re8 25. Ba5 Nb8 26. Bxb4 Nc6 27. Ra4 e5 28. Bc5 Nd8 ({Black should play} 28... Nxd4 $1 $14 29. Bxd4 exd4) 29. c4 exd4 30. Bxd4 Re4 {[%emt 0:00:12] [#]} (30... Rxc4 $142 31. Rcxc4 (31. Raxc4 dxc4 32. Rxc4 Ne6 $16) 31... dxc4 32. Rxc4 Ne6) 31. Rca1 $1 $16 {[%emt 0:09:23] Ra8 is the strong threat.} Ne6 32. cxd5 Nxd4 33. Nxd4 (33. Rxd4 $18 Re7 34. h5 gxh5 35. Rad1) 33... Bf8 $2 {[%emt 0:00:46] Black cannot hold the game after this.} (33... f5 $16 {was worth a try.} 34. Nc6 Bxb2) 34. Nc6 $18 Re2 35. b4 Rd2 36. Ra8 Rxa8 37. Rxa8 {[%emt 0:00:05] Hoping for b5.} Kf7 $2 (37... Kg7 38. Rd8 Rd1+ 39. Kh2 h5) 38. Nd8+ {[%emt 0:01:19] White is clearly winning.} Ke7 39. Ne6 Rxd5 40. Nxf8 Kf7 41. Rb8 {[%emt 0:30:13] Weighted Error Value: White=0.06 (flawless) /Black=0.17 (very precise) .  Mistake:       	White=2     	Black=4      Inaccurate:     	White=1     	Black=1      OK:         	White=16    	Black=16     Best:        	White=3     	Black=1} 1-0